 Dungeon Crawl Stone Soup version 0.29-a0-275-g389c0b56f3 (webtiles) character file.

Game seed: 8354307941460000889

73 Ajdolov the Bolt Thrower (level 4, -1/28 (33) HPs)
             Began as a Formicid Hunter on Mar 12, 2022.
             Killed from afar by a white imp (6 damage)
             ... with a puff of frost
             ... on level 4 of the Dungeon.
             The game lasted 00:04:09 (2236 turns).

Ajdolov the Bolt Thrower (Formicid Hunter)          Turns: 2236, Time: 00:04:10

HP:   -1/28 (33)    AC:  3    Str: 17    XL:     4   Next: 51%
MP:   4/4           EV: 11    Int: 10    God:
Gold: 134           SH:  0    Dex: 13    Spells: 3/3 levels left

rFire   + . .      SeeInvis +   a - +1 hand crossbow
rCold   + . .      Faith    .   (no shield)
rNeg    . . .      Spirit   .   b - +0 leather armour
rPois   +          Reflect  .   (helmet unavailable)
rElec   +          Harm     .   (no cloak)
rCorr   +          Rampage  .   (no gloves)
Will    .....                   (no boots)
Stlth   ++........              (no amulet)
HPRegen 0.09/turn               (no ring)
MPRegen 0.09/turn               (no ring)

@: resistant, heavily drained
A: permanent stasis, dig shafts and tunnels, antennae 3, four strong arms
a: Dig, Shaft Self


You were on level 4 of the Dungeon.
You visited 1 branch of the dungeon, and saw 4 of its levels.

You collected 162 gold pieces.
You spent 28 gold pieces at shops.

Inventory:

Hand Weapons
 a - a +1 hand crossbow (weapon)
Armour
 b - a +0 leather armour (worn)
Jewellery
 h - a ring of flight
Wands
 q - a wand of polymorph (13)
Scrolls
 c - a scroll of immolation
 e - a scroll of vulnerability {unknown}
 f - a scroll of teleportation {unknown}
 g - a scroll of enchant armour {unknown}
 i - a scroll of fear {unknown}
 j - 3 scrolls of fog
 k - a scroll of identify {unknown}
 m - 2 scrolls of amnesia {unknown}
Potions
 l - a potion of heal wounds {unknown}
 n - a potion of haste {unknown}
 o - a potion of ambrosia {unknown}
 p - a potion of invisibility {unknown}
 r - a potion of flight {unknown}
 s - a potion of might {unknown}


   Skills:
 - Level 2.1 Fighting
 + Level 5.1 Crossbows
 - Level 1.7 Dodging
 + Level 3.2 Stealth


You had 3 spell levels left.
You didn't know any spells.
Your spell library contained the following spells:

 Spells                   Type           Power      Damage    Failure   Level
 Conjure Flame            Conj/Fire      0%         6-21      80%         3
 Ignite Poison            Fire/Tmut/Pois 0%         N/A       80%         3
 Sticky Flame             Conj/Fire      0%         2d3       99%         4


Dungeon Overview and Level Annotations

Branches:
Dungeon (4/15)
 Temple: D:4-7

Altars:
Elyvilon

Shops:
D:2 (   D:3 *:


Innate Abilities, Weirdness & Mutations

You cannot be hasted, slowed, berserked, paralysed or teleported.
You can dig through walls and to a lower floor.
You have a pair of large antennae on your head. (SInv)
Your four strong arms can wield two-handed weapons with a shield.


Message History

Okay, then.
It was a potion of resistance.
You feel protected. The necrophage hits you.
You feel drained.
Okay, then.
Are you sure you want to shaft yourself?
The necrophage barely misses you.
You begin to dig a shaft.
You continue digging a shaft.
The necrophage closely misses you. A shaft appears beneath you!
You fall into a shaft and drop 1 floor!
The shaft crumbles and collapses.
Found a fizzy cyan potion and 5 gold pieces.
You are too injured to fight recklessly!
Non-targeted abil: Dig
Press: ? - help, Q - select action, (/) - cycle Dir - look around, f - activate
Okay, then.
The white imp shouts, "Back with thee, thou weedy fool-born minnow reeky!"
The white imp gestures at you. The puff of frost hits you. You resist.
* * * LOW HITPOINT WARNING * * *
Non-targeted abil: Dig
Press: ? - help, Q - select action, (/) - cycle Dir - look around, f - activate
Okay, then.
Okay, then.
Shoot: a) +1 hand crossbow
Press: ? - help, Q - select action, (/) - cycle Shift-Dir - straight line, f - white imp
Aim: a white imp (63% to hit)
You shoot a bolt. The bolt hits the white imp.
The white imp is moderately wounded.
The white imp gestures at you. The puff of frost hits you. You resist.
* * * LOW HITPOINT WARNING * * *
Shoot: a) +1 hand crossbow
Press: ? - help, Q - select action, (/) - cycle Shift-Dir - straight line, f/p - white imp
Aim: a white imp (moderately wounded, 63% to hit)
You shoot a bolt. The bolt closely misses the white imp.
The white imp gestures at you. The puff of frost hits you. You resist.
You die...

..# #.# #.# #.#
#.# { ##.######
#..$....# #.
#.@####.#
##...###.........
............##.##
.....###...## ...
#.5## # #..!.
##.### #+#


You could see a white imp.

Vanquished Creatures
  3 adders
  A dart slug (D:3)
  An orc (D:3)
  3 bats (D:1)
  6 endoplasms
  2 giant cockroaches
  5 goblins
  4 hobgoblins
  3 kobolds
  3 quokkas (D:1)
  3 ball pythons
  A frilled lizard (D:2)
  3 rats (D:2)
38 creatures vanquished.

Notes
Turn   | Place    | Note
-------+----------+-------------------------------------------
     0 | D:1      | Ajdolov the Formicid Hunter began the quest for the Orb.
     0 | D:1      | Reached XP level 1. HP: 16/16 MP: 1/1
   176 | D:1      | Reached XP level 2. HP: 22/22 MP: 2/2
   431 | D:1      | Found a faded altar of an unknown god.
   786 | D:2      | Reached XP level 3. HP: 27/27 MP: 3/3
  1096 | D:2      | Found Muuwosa's Weapon Shop.
  1534 | D:3      | Reached skill level 5 in Crossbows
  1534 | D:3      | Reached XP level 4. HP: 31/33 MP: 4/4
  1780 | D:3      | Found Rurulyig's Book Boutique.
  1793 | D:3      | Found Logusott's General Store.
  1798 | D:3      | Bought a scroll of fog for 28 gold pieces
  1900 | D:3      | Found a white marble altar of Elyvilon.
  2149 | D:4      | Noticed a necrophage
  2232 | D:3      | You fall into a shaft and drop 1 floor!
  2236 | D:4      | Killed from afar by a white imp

Illustrated notes

Levels and vault maps discovered:
D:1:      dpeg_arrival_signposts, layout_basic,
          dreamdust_ecumenical_altar_hidden_monk_grotto
D:2:      layout_basic, serial_shops, shop
D:3:      layout_loops_ring, elyvilon_altar_1, serial_shops,
          nicolae_diamond_shop, shop
D:4:      layout_loops_corners, amcnicky_altar_gilded, serial_shops,
          kennysheep_mini_moat

Skill      XL: |  1  2  3  4 |
---------------+-------------+-----
Stealth        | 2 3 |  3.2
Crossbows      | 5 |  5.1
Fighting       | |  2.1
Dodging        | |  1.7

Action                   |  1- 3 |  4- 6 || total
-------------------------+-------+-------++-------
 Fire: Hand crossbow     |    75 |    23 ||    98
 Abil: Shaft Self        |       |     1 ||     1
  Use: Potion            |       |     1 ||     1
Armor: Leather armour    |     7 |     1 ||     8
Dodge: Dodged            |     7 |     8 ||    15

Table legend: (Time is in decaauts)
 A = Elapsed time spent in this place.
 B = Non-inter-level travel time spent in this place.
 C = Inter-level travel time spent in this place.
 D = Time resting spent in this place.
 E = Time spent auto-exploring this place.
 F = Levels seen in this place.
 G = Mean time per level.
                   A        B        C        D        E       F      G
               +--------+--------+--------+--------+--------+-----+--------+
         Total |   2266 |   2150 |    116 |      0 |   1846 |   4 |  566.5 |
       Dungeon |   2266 |   2150 |    116 |      0 |   1846 |   4 |  566.5 |
               +--------+--------+--------+--------+--------+-----+--------+

Top non-repeatable levels by time:
     D:3: 754 daAuts
     D:1: 731 daAuts
     D:2: 725 daAuts
     D:4: 54 daAuts
